AoeStats
← alvaro_j_94

Arabian Desert

510912682Analyzed
1v1 RM · 9h ago on Oct 3, 2026· 28m 49s· 2 players
Game mode
Random Map
Map size
Tiny (2 player)
Population
200
Speed
Normal
Resources
Standard
Victory
Conquest
Starting age
Dark Age
Ending age
Imperial Age
RankedLock teamsTeams togetherTeam positionsShared explorationLock speedFull tech treeHidden civsTurbo modeCheats
Victory
Defeat
🇸🇻 Aztecs · El Salvador
395
+13
🇪🇸 Spanish · Spain
324
-13
alvaro_j_94
10:38 Feudal Age
12:04 Wheelbarrow
11:23 Double-Bit Axe
12:19 Horse Collar
17:32 Stone Mining
17:33 Gold Mining
20:31 Loom
25:46 Castle Age
24:38 Bloodlines
26:54 Squires
27:42 Man-at-Arms
Gonzalomvm
3:15 Loom
16:03 Feudal Age
17:08 Horse Collar
17:15 Double-Bit Axe
17:24 Stone Mining
19:02 Wheelbarrow
18:43 Forging
18:34 Padded Archer Armor
18:27 Fletching
18:38 Scale Mail Armor
20:16 Arson
25:56 Castle Age
24:39 Gold Mining
24:16 Man-at-Arms
27:20 Gambesons
26:57 Elite Skirmisher
26:59 Long Swordsman
27:01 Crossbowman
27:44 Squires
27:07 Pikeman
28:32 Eagle Warrior
Connection lost

Rejoining the realm…

Still unreachable

The connection could not be restored.

Session expired

The server has moved on; the page needs a fresh start.